EL
PITTSFIELD COLONIALS @ MANCHESTER FISHER CATS
06/28/1982
 
TOP OF THE 1ST
Pittsfield Colonials batting - Pitching for Manchester Fisher Cats : LHP John Machin
Pitching: LHP John Machin
Batting: SHB Steve Scafa 0-0: Ball
1-0: Ball
2-0: Ball
3-0: Base on Balls
Batting: SHB Mitch Webster 0-0: Grounds into double play, 4-6-3 (Groundball, 34, EV 89.4 MPH)
Batting: RHB Shawon Dunston 0-0: Foul Ball, location: 2F
0-1: Called Strike
0-2: Foul Ball, location: 2F
0-2: Fly out, F8 (Flyball, 8RXD, EV 96.3 MPH)
Top of the 1st over - 0 runs, 0 hits, 0 errors, 0 left on base; Pittsfield 0 - Manchester 0
BOTTOM OF THE 1ST
Manchester Fisher Cats batting - Pitching for Pittsfield Colonials : RHP Tim Rodgers
Pitching: RHP Tim Rodgers
Batting: SHB Danny Hernandez 0-0: Ball
1-0: Foul Ball, location: 2F
1-1: Called Strike
1-2: Foul Ball, location: 2F
1-2: Ball
2-2: Foul Ball, location: 2F
2-2: Ball
3-2: SINGLE (Groundball, 6MD, EV 100.0 MPH)
Batting: LHB Tim Derryberry 0-0: Foul Ball, location: 2F
0-1: Ball
1-1: Ball
2-1: Swinging Strike
2-2: Fly out, F7 (Line Drive, 7D, EV 86.9 MPH)
Runner from 1st tags up, SAFE at 2nd
Batting: SHB Stan Javier 0-0: Called Strike
0-1: Called Strike
0-2: Strikes out swinging
Batting: RHB Joe Citari 0-0: Foul Ball, location: 2F
0-1: Ball
1-1: Ground out 5-3 (Groundball, 56S, EV 82.5 MPH)
Bottom of the 1st over - 0 runs, 1 hit, 0 errors, 1 left on base; Pittsfield 0 - Manchester 0
TOP OF THE 2ND
Pittsfield Colonials batting - Pitching for Manchester Fisher Cats : LHP John Machin
Batting: SHB Mark Gilbert 0-0: Ball
1-0: Ball
2-0: Swinging Strike
2-1: Ball
3-1: Foul Ball, location: 2F
3-2: Ground out 6-3 (Groundball, 56, EV 87.5 MPH)
Batting: RHB Mike Brewer 0-0: Called Strike
0-1: Ball
1-1: Called Strike
1-2: Fly out, F8 (Flyball, 8RM, EV 89.4 MPH)
Batting: LHB Armando Ortiz 0-0: Ball
1-0: Fly out, F9 (Flyball, 9, EV 76.3 MPH)
Top of the 2nd over - 0 runs, 0 hits, 0 errors, 0 left on base; Pittsfield 0 - Manchester 0
BOTTOM OF THE 2ND
Manchester Fisher Cats batting - Pitching for Pittsfield Colonials : RHP Tim Rodgers
Batting: LHB Jessie Reid 0-0: Ball
1-0: Ball
2-0: Fly out, F9 (Flyball, 9S, EV 93.1 MPH)
Batting: LHB Steve Hammond 0-0: Swinging Strike
0-1: SOLO HOME RUN (Flyball, 89XD, EV 101.3 MPH), Distance : 400 ft
Batting: RHB Kevin Darst 0-0: Ball
1-0: Called Strike
1-1: Swinging Strike
1-2: Strikes out looking
Batting: RHB Tony Stevens 0-0: Foul Ball, location: 2F
0-1: Ball
1-1: Foul Ball, location: 2F
1-2: Strikes out swinging
Bottom of the 2nd over - 1 run, 1 hit, 0 errors, 0 left on base; Pittsfield 0 - Manchester 1
TOP OF THE 3RD
Pittsfield Colonials batting - Pitching for Manchester Fisher Cats : LHP John Machin
Batting: RHB Steven Ramler 0-0: Ball
1-0: Foul Ball, location: 2F
1-1: Ball
2-1: Ball
3-1: Called Strike
3-2: DOUBLE (Line Drive, 9LD, EV 96.9 MPH) - OUT at third base trying to stretch hit.
Batting: SHB David Enos 0-0: Called Strike
0-1: Foul Ball, location: 2F
0-2: Strikes out swinging
Batting: RHB Juan Castro 0-0: Called Strike
0-1: TRIPLE (Flyball, 89XD, EV 101.3 MPH)
Batting: SHB Steve Scafa 0-0: Ball
1-0: Foul Ball, location: 2F
1-1: Ball
2-1: Foul Ball, location: 2F
2-2: Ball
3-2: Base on Balls
Batting: SHB Mitch Webster 0-0: Foul Ball, location: 2F
0-1: Fly out, F7 (Flyball, 7LM, EV 89.4 MPH)
Top of the 3rd over - 0 runs, 2 hits, 0 errors, 2 left on base; Pittsfield 0 - Manchester 1
BOTTOM OF THE 3RD
Manchester Fisher Cats batting - Pitching for Pittsfield Colonials : RHP Tim Rodgers
Batting: RHB Gary Holden 0-0: Ball
1-0: Ground out 6-3 (Groundball, 56, EV 102.5 MPH)
Batting: SHB Danny Hernandez 0-0: Ball
1-0: Foul Ball, location: 2F
1-1: Ground out 4-3 (Groundball, 4, EV 87.5 MPH)
Batting: LHB Tim Derryberry 0-0: Swinging Strike
0-1: Swinging Strike
0-2: Strikes out swinging
Bottom of the 3rd over - 0 runs, 0 hits, 0 errors, 0 left on base; Pittsfield 0 - Manchester 1
TOP OF THE 4TH
Pittsfield Colonials batting - Pitching for Manchester Fisher Cats : LHP John Machin
Batting: RHB Shawon Dunston 0-0: Swinging Strike
0-1: Swinging Strike
0-2: Ball
1-2: Fly out, F8 (Flyball, 8RM, EV 90.6 MPH)
Batting: SHB Mark Gilbert 0-0: Ball
1-0: Foul Ball, location: 2F
1-1: Ball
2-1: Foul Ball, location: 2F
2-2: SINGLE (Line Drive, 6M, EV 95.0 MPH)
Batting: RHB Mike Brewer 0-0: Ball
1-0: Ball
2-0: Ball
3-0: Base on Balls
Mark Gilbert to second
Batting: LHB Armando Ortiz 0-0: Ball
1-0: Ball
Passed Ball!
Mark Gilbert to third
Mike Brewer to second
2-0: Ball
3-0: Base on Balls
Batting: RHB Steven Ramler 0-0: Fly out, F8 (Flyball, 8LD, EV 96.3 MPH)
Runner from 3rd tags up, SCORES, throw by CF
Mike Brewer to third
Batting: SHB David Enos 0-0: Called Strike
0-1: Ball
1-1: Ball
2-1: Swinging Strike
2-2: Fly out, F4 (Popup, 4, EV 60.0 MPH)
Top of the 4th over - 1 run, 1 hit, 0 errors, 2 left on base; Pittsfield 1 - Manchester 1
BOTTOM OF THE 4TH
Manchester Fisher Cats batting - Pitching for Pittsfield Colonials : RHP Tim Rodgers
Batting: SHB Stan Javier 0-0: Ball
1-0: Ball
2-0: Ball
3-0: Base on Balls
Batting: RHB Joe Citari 0-0: Foul Ball, location: 2F
0-1: Ball
1-1: Swinging Strike
1-2: Strikes out swinging
Batting: LHB Jessie Reid 0-0: Ball
1-0: Ball
2-0: Called Strike
2-1: Foul Ball, location: 2F
2-2: Ball
3-2: Foul Ball, location: 2F
3-2: Foul Ball, location: 2F
3-2: SINGLE (Flyball, 6MD, EV 88.8 MPH)
Stan Javier to second
Batting: LHB Steve Hammond 0-0: Ball
1-0: Fielders Choice at 2nd, 4-6 (Groundball, 4S, EV 81.3 MPH)
Stan Javier to third
Batting: RHB Kevin Darst 0-0: Swinging Strike
0-1: Called Strike
0-2: Strikes out swinging
Bottom of the 4th over - 0 runs, 1 hit, 0 errors, 2 left on base; Pittsfield 1 - Manchester 1
TOP OF THE 5TH
Pittsfield Colonials batting - Pitching for Manchester Fisher Cats : LHP John Machin
Batting: RHB Juan Castro 0-0: Ball
1-0: Called Strike
1-1: Swinging Strike
1-2: Ball
2-2: Ball
3-2: Strikes out looking
Batting: SHB Steve Scafa 0-0: Ball
1-0: Fly out, F3 (Popup, 3SF, EV 76.9 MPH)
Batting: SHB Mitch Webster 0-0: Fly out, F8 (Line Drive, 8LM, EV 93.8 MPH)
Top of the 5th over - 0 runs, 0 hits, 0 errors, 0 left on base; Pittsfield 1 - Manchester 1
BOTTOM OF THE 5TH
Manchester Fisher Cats batting - Pitching for Pittsfield Colonials : RHP Tim Rodgers
Batting: RHB Tony Stevens 0-0: Ball
1-0: Called Strike
1-1: Foul Ball, location: 2F
1-2: Fly out, F8 (Flyball, 8RS, EV 85.6 MPH)
Batting: RHB Gary Holden 0-0: Ball
1-0: Called Strike
1-1: Ball
2-1: Swinging Strike
2-2: Ball
3-2: Fly out, F9 (Flyball, 9, EV 90.0 MPH)
Batting: SHB Danny Hernandez 0-0: Called Strike
0-1: Swinging Strike
0-2: Ball
1-2: Foul Ball, location: 2F
1-2: Ball
2-2: Ball
3-2: Foul Ball, location: 2F
3-2: Foul Ball, location: 2F
3-2: Base on Balls
Batting: LHB Tim Derryberry 0-0: Ball
1-0: Ball
2-0: Called Strike
2-1: Foul Ball, location: 2F
2-2: SINGLE (Groundball, 34D, EV 101.9 MPH)
Danny Hernandez to second
Runner from 2nd tries for 3rd, SAFE, throw by RF made to third
Batting: SHB Stan Javier 0-0: Foul Ball, location: 2F
0-1: Foul Ball, location: 2F
0-2: Ball
1-2: Ball
2-2: Ball
3-2: Base on Balls
Tim Derryberry to second
Batting: RHB Joe Citari 0-0: Ball
1-0: Ball
2-0: Ground out 1-3 (Groundball, P, EV 72.5 MPH)
Bottom of the 5th over - 0 runs, 1 hit, 0 errors, 3 left on base; Pittsfield 1 - Manchester 1
TOP OF THE 6TH
Pittsfield Colonials batting - Pitching for Manchester Fisher Cats : LHP John Machin
Batting: RHB Shawon Dunston 0-0: Swinging Strike
0-1: Ball
1-1: Swinging Strike
1-2: Strikes out swinging
Batting: SHB Mark Gilbert 0-0: Single, Error in OF, E9, batter to second base (Line Drive, 9LS, EV 88.1 MPH)
Batting: RHB Mike Brewer 0-0: Intentional Walk
Batting: LHB Armando Ortiz 0-0: Called Strike
0-1: Ball
1-1: Ball
2-1: Ball
3-1: Foul Ball, location: 2F
3-2: Base on Balls
Mark Gilbert to third
Mike Brewer to second
Batting: RHB Steven Ramler 0-0: Ball
1-0: Ball
2-0: Foul Ball, location: 2F
2-1: Foul Ball, location: 2F
2-2: Foul Ball, location: 2F
2-2: Foul Ball, location: 2F
2-2: Ball
3-2: SINGLE (Groundball, 56, EV 98.1 MPH)
Mark Gilbert scores
Mike Brewer to third
Armando Ortiz to second
Throwing error, E7
Mike Brewer scores
Armando Ortiz to third
Steven Ramler to second
Batting: SHB David Enos 0-0: Ball
1-0: Ball
2-0: Ball
3-0: Base on Balls
Batting: RHB Juan Castro 0-0: Ball
1-0: Ball
2-0: Ball
3-0: Called Strike
3-1: Called Strike
3-2: DOUBLE (Flyball, 3D, EV 93.1 MPH)
Armando Ortiz scores
Steven Ramler scores
David Enos to third
Pitching: RHP Jesse Flores
Batting: SHB Steve Scafa 0-0: Foul Ball, location: 2F
0-1: Foul Ball, location: 2F
0-2: Foul Ball, location: 2F
0-2: Ball
1-2: Ball
2-2: DOUBLE (Line Drive, 5D, EV 95.0 MPH)
David Enos scores
Juan Castro scores
Batting: SHB Mitch Webster 0-0: Ball
1-0: Called Strike
1-1: Fly out, F9 (Flyball, 89D, EV 108.1 MPH)
Runner from 2nd tags up, SAFE at 3rd, no throw by RF
Batting: RHB Shawon Dunston 0-0: Ball
1-0: Foul Ball, location: 2F
1-1: Fly out, F9 (Flyball, 9, EV 90.0 MPH)
Top of the 6th over - 6 runs, 4 hits, 2 errors, 1 left on base; Pittsfield 7 - Manchester 1
BOTTOM OF THE 6TH
Manchester Fisher Cats batting - Pitching for Pittsfield Colonials : RHP Tim Rodgers
Batting: LHB Jessie Reid 0-0: Called Strike
0-1: Swinging Strike
0-2: Foul Ball, location: 2F
0-2: Strikes out swinging
Batting: LHB Steve Hammond 0-0: Ball
1-0: Fly out, F8 (Line Drive, 8LD, EV 93.8 MPH)
Batting: RHB Kevin Darst 0-0: Single, Error in OF, E7, batter to second base (Groundball, 56D, EV 98.8 MPH)
Batting: RHB Tony Stevens 0-0: Ball
1-0: Ball
2-0: Called Strike
2-1: Fly out, F8 (Flyball, 8RD, EV 94.4 MPH)
Bottom of the 6th over - 0 runs, 1 hit, 1 error, 1 left on base; Pittsfield 7 - Manchester 1
TOP OF THE 7TH
Pittsfield Colonials batting - Pitching for Manchester Fisher Cats : RHP Jesse Flores
Batting: SHB Mark Gilbert 0-0: Foul Ball, location: 2F
0-1: Ball
1-1: Ground out 1-3 (Groundball, P, EV 66.3 MPH)
Batting: RHB Mike Brewer 0-0: Called Strike
0-1: Ball
1-1: Foul Ball, location: 2F
1-2: Foul Ball, location: 2F
1-2: Strikes out swinging
Batting: LHB Armando Ortiz 0-0: Called Strike
0-1: Foul Ball, location: 2F
0-2: Ball
1-2: Ball
2-2: Strikes out swinging
Top of the 7th over - 0 runs, 0 hits, 0 errors, 0 left on base; Pittsfield 7 - Manchester 1
BOTTOM OF THE 7TH
Manchester Fisher Cats batting - Pitching for Pittsfield Colonials : RHP Tim Rodgers
Batting: RHB Gary Holden 0-0: Foul Ball, location: 2F
0-1: Ball
1-1: Ball
2-1: Foul Ball, location: 2F
2-2: Strikes out swinging
Batting: SHB Danny Hernandez 0-0: Ball
1-0: Ground out 3-1 (Groundball, 34, EV 101.9 MPH)
Batting: LHB Tim Derryberry 0-0: Called Strike
0-1: Ball
1-1: Called Strike
1-2: Strikes out swinging
Bottom of the 7th over - 0 runs, 0 hits, 0 errors, 0 left on base; Pittsfield 7 - Manchester 1
TOP OF THE 8TH
Pittsfield Colonials batting - Pitching for Manchester Fisher Cats : RHP Jesse Flores
Batting: RHB Steven Ramler 0-0: Fly out, F7 (Flyball, 7S, EV 85.6 MPH)
Batting: SHB David Enos 0-0: Ball
1-0: Ball
2-0: Called Strike
2-1: Foul Ball, location: 2F
2-2: Foul Ball, location: 2F
2-2: Strikes out looking
Batting: RHB Juan Castro 0-0: Called Strike
0-1: Ground out 5-3 (Groundball, 56, EV 85.0 MPH)
Top of the 8th over - 0 runs, 0 hits, 0 errors, 0 left on base; Pittsfield 7 - Manchester 1
BOTTOM OF THE 8TH
Manchester Fisher Cats batting - Pitching for Pittsfield Colonials : RHP Tim Rodgers
Batting: SHB Stan Javier 0-0: Foul Ball, location: 2F
0-1: Swinging Strike
0-2: Foul Ball, location: 2F
0-2: Foul Ball, location: 2F
0-2: Ball
1-2: Foul Ball, location: 2F
1-2: Fly out, F8 (Line Drive, 8RM, EV 91.3 MPH)
Batting: RHB Joe Citari 0-0: Ball
1-0: Swinging Strike
1-1: Swinging Strike
1-2: Ball
2-2: Ball
3-2: Ground out 6-3 (Groundball, 56, EV 86.9 MPH)
Batting: LHB Jessie Reid 0-0: Called Strike
0-1: Foul Ball, location: 2F
0-2: Fly out, F9 (Flyball, 89D, EV 82.5 MPH)
Bottom of the 8th over - 0 runs, 0 hits, 0 errors, 0 left on base; Pittsfield 7 - Manchester 1
TOP OF THE 9TH
Pittsfield Colonials batting - Pitching for Manchester Fisher Cats : RHP Jesse Flores
Batting: SHB Steve Scafa 0-0: Called Strike
0-1: Swinging Strike
0-2: Ball
1-2: Strikes out swinging
Batting: SHB Mitch Webster 0-0: Ball
1-0: Foul Ball, location: 2F
1-1: Ball
2-1: Called Strike
2-2: Ball
3-2: SINGLE (Groundball, 6S, EV 73.8 MPH) (infield hit)
Batting: RHB Shawon Dunston 0-0: Ball
1-0: Fielders Choice at 2nd, 4-6 (Groundball, 4, EV 91.9 MPH)
Batting: SHB Mark Gilbert 0-0: Called Strike
0-1: Swinging Strike
0-2: Foul Ball, location: 2F
0-2: Ball
1-2: Ball
2-2: Foul Ball, location: 2F
2-2: Ground out 6-3 (Groundball, 6, EV 79.4 MPH)
Top of the 9th over - 0 runs, 1 hit, 0 errors, 1 left on base; Pittsfield 7 - Manchester 1
BOTTOM OF THE 9TH
Manchester Fisher Cats batting - Pitching for Pittsfield Colonials : RHP Tim Rodgers
Batting: LHB Steve Hammond 0-0: Swinging Strike
0-1: Ball
1-1: Fly out, F9 (Line Drive, 9D, EV 101.9 MPH)
Batting: RHB Kevin Darst 0-0: Ball
1-0: Called Strike
1-1: Ball
2-1: Ball
3-1: Foul Ball, location: 2F
3-2: Foul Ball, location: 2F
3-2: Base on Balls
Batting: RHB Tony Stevens 0-0: Grounds into double play, 1-4-3 (Groundball, P, EV 63.8 MPH)
Bottom of the 9th over - 0 runs, 0 hits, 0 errors, 0 left on base; Pittsfield 7 - Manchester 1
Wednesday, August 12th, 2020 - OOTP Baseball 21.5 Build 76